 Dungeon Crawl Stone Soup version 0.20.0 (webtiles) character file.

25 Gallahalt the Grave Robber (level 3, -2/26 HPs)
             Began as a Ghoul Necromancer on June 1, 2017.
             Slain by an adder (4 damage)
             ... on level 2 of the Dungeon.
             The game lasted 00:08:46 (1539 turns).

Gallahalt the Grave Robber (Ghoul Necromancer)      Turns: 1539, Time: 00:08:47

Health: -2/26      AC:  2    Str: 11    XL:     3   Next: 4%
Magic:  0/5        EV: 12    Int: 11    God:
Gold:   73         SH:  0    Dex:  9    Spells: 5/6 levels left

rFire    . . .     SeeInvis .   h - +0 short sword
rCold    + . .     Gourm    .   (no shield)
rNeg     + + +     Faith    .   a - +0 robe
rPois    ∞         Spirit   .   (no helmet)
rElec    .         Reflect  .   (no cloak)
rCorr    .         Harm     .   (no gloves)
MR       .....                  (no boots)
Stlth    ++........             (no amulet)
Regen    0.0/turn               (no ring)
MPRegen  0.1/turn               (no ring)

@: very slightly contaminated, rotting
A: rotting body, claws 1, carnivore 3, cold resistance 1, negative energy
resistance 3, inhibited regeneration, torment resistance, unbreathing
a: no special abilities


You were on level 2 of the Dungeon.
You were not hungry.

You visited 1 branch of the dungeon, and saw 2 of its levels.

You collected 73 gold pieces.

Inventory:

Hand Weapons
 e - a +0 hunting sling
 g - a +0 club
 h - a +0 short sword (weapon)
Armour
 a - a +0 robe (worn)
 i - a +0 ring mail
 n - a +0 chain mail
Scrolls
 d - a scroll of recharging {unknown}
 f - 2 scrolls of noise {unknown}
 j - 3 scrolls of identify {unknown}
 k - a scroll of magic mapping {unknown}
 m - a scroll of teleportation {unknown}
Books
 b - a book of Necromancy

   Spells                             Type                      Level
   a - Pain                           Necromancy                   1
   b - Animate Skeleton               Necromancy                   1
   c - Vampiric Draining              Necromancy                   3
   d - Regeneration                   Charms/Necromancy            3
   e - Animate Dead                   Necromancy                   4
   f - Control Undead                 Necromancy                   4
Comestibles
 c - a meat ration
 l - 4 chunks of flesh


   Skills:
 + Level 1.8 Dodging
 + Level 2.4 Stealth
 + Level 2.0 Spellcasting
 + Level 4.6 Necromancy


You had 5 spell levels left.
You knew the following spells:

 Your Spells              Type           Power        Failure   Level  Hunger
a - Pain                  Necr           ##..         4%          1    ##.....


Dungeon Overview and Level Annotations

Branches:
Dungeon (2/15)

Altars:


Innate Abilities, Weirdness & Mutations

Your body is rotting away.
You thrive on raw meat.
You are immune to poison.
You have sharp fingernails.
You are carnivorous and can eat meat at any time.
Your flesh is cold resistant. (rC+)
You are immune to negative energy. (rN+++)
You do not regenerate when monsters are visible.
You are immune to unholy pain and torment.
You can survive without breathing.


Message History

The adder bites you. x2
The adder bites you.
* * * LOW HITPOINT WARNING * * *
Casting: Pain
Confirm with . or Enter, or press ? or * to list all spells.
Aiming: Pain
Press: ? - help, Shift-Dir - straight line, f/p - adder
Aim: an adder (heavily wounded, chance to defeat MR: 73%)
The adder struggles to resist.
The adder barely misses you.
Casting: Pain
Confirm with . or Enter, or press ? or * to list all spells.
Aiming: Pain
Press: ? - help, Shift-Dir - straight line, f/p - adder
Aim: an adder (heavily wounded, chance to defeat MR: 73%)
The adder writhes in agony!
The adder bites you.
* * * LOW HITPOINT WARNING * * *
You barely miss the adder.
The adder is severely wounded.
The adder bites you.
You die...

.......##########....#
...............#....#
#...................
#...................
#.))................
+...<...............
#...................
#.............#
#...@.........#
#...S........)#
##...######+#.# #...#
#.# #...# #.# #...#
#.# ......+ #<#
####...# ### #....


You could see an adder.

Vanquished Creatures
  2 dart slugs (D:1)
  4 goblins
  2 hobgoblins (D:1)
  6 kobolds
  3 bats (D:1)
  2 frilled lizards (D:1)
  3 rats (D:1)
22 creatures vanquished.

Notes
Turn   | Place    | Note
-------+----------+-------------------------------------------
     0 | D:1      | Gallahalt the Ghoul Necromancer began the quest for the Orb.
     0 | D:1      | Reached XP level 1. HP: 14/14 MP: 2/2
   423 | D:1      | Reached XP level 2. HP: 17/20 MP: 0/3
  1333 | D:1      | Reached XP level 3. HP: 25/26 MP: 2/5
  1539 | D:2      | Slain by an adder

Skill      XL: |  1  2 |
---------------+-------+-----
Spellcasting   | 2 |  2.0
Dodging        | |  1.8
Stealth        | |  2.4
Necromancy     | |  4.6

Action                   || total
-------------------------++-------
Melee: Unarmed           ||    13
       Short sword       ||    38
 Cast: Pain              ||    25
 Stab: Sleeping          ||     1
  Eat: Chunk             ||     7
Armor: Robe              ||    11
Dodge: Dodged            ||    42
